Unix NetHack Version 5.0.0-0 post-release - last build May  4 2026 22:22:43 (774f63e81ad911689b3a0859ea89b322d5daca8d,branch:main).

Game began 2026-05-07 11:56:25, ended 2026-05-08 11:39:03.

Grufus, lawful female human Valkyrie

                          --------------                            --------
                          |......^.....|                           #.......|
                          |............|                 -----      |......|
                          |......?......##########       |...|     #.>.....|
                          |............|@################.....######|......|
                          ----.---------#            ##  |...|      --------
                      ###################             ###....|
                      #   #####                          |...|
         ----------- ##   #                              -----
         |..........##   -|---
         |...(.....|###[#-...|
         |.........|#    |....#########  ------------
         |..........##   |...|        ###.....(......#####
         |.........|     |...|           |{.........|    ##   #######
         -----------     |...|           |......%...|     #        -.--------
                         -----           |.........(|     #########-..{.....|
                                         ------------              |....<...|
                                                                   ----------

Grufus the Fighter          St:18/13 Dx:14 Co:18 In:7 Wi:9 Ch:10  Lawful
Dlvl:15 $:3996 HP:0(96) Pw:17(17) AC:-4 Xp:9 T:9608  Blind

Latest messages:
 You see here an uncursed shuriken.
 q - an uncursed shuriken (4 in total).
 You see here an unlocked large box containing 1 item.
 Really step onto that anti-magic field? [yn] (n) y
 You feel your magical energy drain away!
 w - a towel.
 What do you want to wear? [*] w
 You are now wearing a towel around your head.
 You can't see any more.
 You hear bubbling water.
 What do you want to take off? [ckvR or ?*] W
 You don't have that object.
 What do you want to take off? [ckvR or ?*] w
 You were wearing a towel.
 You can see again.
 A homunculus suddenly appears close by!
 What do you want to wear? [*] w
 You are now wearing a towel around your head.
 You can't see any more.
 The homunculus bites!
 You hit the homunculus.
 The homunculus misses!
 You kill the homunculus!
 You try to feel what is lying here on the ground.
 You feel here a homunculus corpse.
 There is a homunculus corpse here; eat it? [ynq] (n) y
 Ecch - that must have been poisonous!
 You seem unaffected by the poison.
 You finish eating the homunculus corpse.
 You hit the chickatrice.
 You hit the chickatrice.
 You kill the chickatrice!
 You hit the chickatrice.
 You hit the chickatrice.
 You hit the chickatrice.
 You kill the chickatrice!
 You hit the chickatrice.
 You hit the chickatrice.
 You hit the chickatrice.
 You hit the chickatrice.
 You kill the chickatrice!
 You try to feel what is lying here on the ground.
 You feel here a chickatrice corpse.
 Touching the chickatrice corpse is a fatal mistake...
 You turn to stone...
 Do you want your possessions identified? [ynq] (y) y
 Do you want to see your attributes? [ynq] (y) y
 Do you want an account of creatures vanquished? [ynaq] (y) y
 Do you want to see your conduct and achievements? [ynq] (y) y
 Do you want to see the dungeon overview? [ynq] (y) y

Inventory:
 Coins    ('$')
  $ - 3996 gold pieces
 Amulets  ('"')
  x - an uncursed amulet of ESP (being worn)
 Weapons  (')')
  q - 4 +0 shuriken
  b - a +0 dagger (alternate weapon; not wielded)
  F - a +0 javelin
  a - a blessed corroded +1 spear (weapon in right hand)
  u - a +0 worm tooth
 Armor    ('[')
  v - a blessed +1 orcish helm (being worn)
  R - an uncursed +0 pair of elven boots (being worn)
  c - an uncursed burnt +3 small shield (being worn)
  k - an uncursed burnt +3 cloak of invisibility (being worn)
  A - an uncursed +0 elven mithril-coat (being worn)
 Comestibles  ('%')
  H - 4 uncursed food rations
  Q - an uncursed fortune cookie
  y - 2 uncursed tripe rations
  K - an uncursed tin of sauteed troll meat
 Scrolls  ('?')
  Z - 3 uncursed scrolls of blank paper
  D - an uncursed scroll of confuse monster named ei kirottu
  I - a blessed scroll of destroy armor
  J - an uncursed scroll of magic mapping
  B - an uncursed scroll of remove curse
  h - an uncursed scroll of scare monster
 Spellbooks  ('+')
  T - a blessed spellbook of healing
 Potions  ('!')
  L - an uncursed potion of booze
  V - an uncursed potion of water
 Rings    ('=')
  E - an uncursed ring of invisibility (on right hand)
 Wands    ('/')
  S - a wand of create monster (0:14)
  j - a wand of create monster (0:0)
  e - a wand of magic missile (0:8)
  f - a wand of magic missile (0:0)
  z - a wand of make invisible (0:5)
  O - a wand of sleep named stop/cancel (0:6)
  d - a wand of speed monster named speeeeed (0:2)
  P - a wand of striking (0:8)
  M - a wand of teleportation (0:5)
  N - a wand of teleportation (0:3)
 Tools    ('(')
  C - an empty uncursed bag of holding
  r - an empty uncursed sack
  n - a bag of tricks (0:1)
  o - an expensive camera (0:43)
  U - an uncursed magic whistle
  i - an uncursed oil lamp
  p - an uncursed skeleton key
  g - an uncursed tin opener
  G - an uncursed tin whistle
  w - an uncursed towel (being worn)
  X - a +0 unicorn horn
 Gems/Stones  ('*')
  t - an uncursed opal
  s - 2 uncursed worthless pieces of black glass
  m - an uncursed worthless piece of blue glass
  l - an uncursed worthless piece of yellowish brown glass

Grufus the Valkyrie's attributes:

Background:
 You were a Fighter, a level 9 human Valkyrie.
 You were lawful, on a mission for Tyr
 who was opposed by Odin (neutral) and Loki (chaotic).
 You were right-handed.
 You were in the Dungeons of Doom, on level 15.
 You entered the dungeon 9608 turns ago.
 You had 3939 experience points, 1181 more were needed to attain level 10.

Basics:
 You had 0 out of 96 hit points.
 You had all 17 energy points (spell power).
 Your armor class was -4.
 Your wallet contained 3996 zorkmids.
 Autopickup was off.

Final Characteristics:
 Your strength was 18/13 (limit:18/100).
 Your dexterity was 14 (limit:18).
 Your constitution was 18 (limit:18).
 Your intelligence was 7 (limit:18).
 Your wisdom was 9 (limit:18).
 Your charisma was 10 (limit:18).

Final Status:
 You were deliberately blind.
 You weren't hungry.
 You were unencumbered.
 You were wielding a spear.
 You had expert skill with spear.

Final Attributes:
 You were piously aligned.
 You were cold resistant.
 You were poison resistant.
 You were telepathic.
 You were invisible.
 You were stealthy.
 You were guarded.
 Your spell casting was impaired by metallic armor.
 You were fast.
 You are dead.

Miscellaneous:
 You encountered 1 bones level.
 Total elapsed playing time was 4 hours, 52 minutes and 48 seconds.

Major events:
 Turn
    1: Grufus the lawful human Valkyrie entered the dungeon
 1147: entered the Gnomish Mines
 1845: attained the rank of Skirmisher (level 3)
 3740: attained the rank of Fighter (level 6)
 9608: petrified by touching a chickatrice corpse bare-handed

Spells:
 Name                 Level Category     Fail Retention
 stone to flesh         3   healing      100%   51%-75%
 healing                1   healing      100%  76%-100%

Skills:
 Fighting Skills
   bare handed combat [Unskilled]
   two weapon combat  [Unskilled]
   riding             [Unskilled]
 Weapon Skills
   dagger             [Basic]
   axe                [Unskilled]
   pick-axe           [Unskilled]
   short sword        [Unskilled]
   broadsword         [Unskilled]
   long sword         [Unskilled]
   two-handed sword   [Unskilled]
   saber              [Unskilled]
   hammer             [Unskilled]
   quarterstaff       [Unskilled]
   polearms           [Unskilled]
   spear              [Expert]
   trident            [Unskilled]
   lance              [Unskilled]
   sling              [Unskilled]
 Spellcasting Skills
   attack spells      [Unskilled]
   escape spells      [Unskilled]

Voluntary challenges:
 Character rerolling was not enabled.
 You never genocided any monsters.
 You never polymorphed an object.
 You used no wishes.
Achievements:
 You entered a shop.
 You entered the Gnomish Mines.
 You attained the rank of Skirmisher.
 You attained the rank of Fighter.

 The Dungeons of Doom: levels 1 to 15
    Level 1:
    Level 2:
       An armor shop, a fountain.
    Level 3:
       Stairs down to The Gnomish Mines.
    Level 4:
       A fountain.
    Level 5:
       A fountain.
    Level 6:
       A fountain.
       Final resting place for
          poiuztrewq-Hea-Hum-Fem-Neu, killed by a werejackal.
    Level 7:
    Level 8:
       A tool shop, an altar to Tyr, a fountain.
    Level 9:
       Many fountains.
       Oracle of Delphi.
    Level 10:
       A grave.
    Level 11:
       A fountain.
    Level 12:
    Level 13:
       Some fountains.
    Level 14:
       A general store, a fountain.
    Level 15: <- You were here.
       Some fountains.
       Summoned by the Norn.
       Final resting place for
          you, petrified by touching a chickatrice corpse bare-handed.
 The Gnomish Mines:
    Level 4:


Vanquished creatures:
  2 vampire leaders
  a vampire
  3 ghosts
  a giant mimic
  a long worm
  a water elemental
  a giant mummy
  a xorn
  a warg
  a winter wolf
  3 small mimics
  a glass piercer
 an ettin mummy
  a gelatinous cube
  a flaming sphere
  a tiger
  a gargoyle
 an ochre jelly
  a leocrotta
  3 stone giants
  a red naga
  a python
  5 wraiths
  a carnivorous ape
  2 ettin zombies
  3 Grey-elves
 an amorous demon
  2 chameleons
  2 giant beetles
  3 quivering blobs
  a cockatrice
  2 wolves
  a panther
  3 leprechauns
 an iron piercer
  a mumak
  3 giant spiders
  a horse
  a gnome ruler
 an orc mummy
 an owlbear
  a yeti
  a gold golem
  5 Green-elves
  a lizard
  3 chickatrices
  a housecat
  2 jaguars
  a blue jelly
  a black unicorn
  5 ravens
  2 plains centaurs
  a gnome mummy
 an ape
  2 soldier ants
 an imp
  2 wood nymphs
  a water nymph
  a Mordor orc
  3 rock piercers
  a rock mole
  a pony
  2 yellow lights
  3 violet fungi
  2 gnome leaders
  a gnomish wizard
  2 gray oozes
  4 elf zombies
  4 ghouls
  2 paper golems
  4 giant ants
  a little dog
  4 floating eyes
  a kitten
  a dwarf
  2 homunculi
  a kobold shaman
  a hill orc
  5 rothes
 an orc zombie
  2 dwarf zombies
  a wererat
  2 werejackals
  4 iguanas
  2 acid blobs
  4 hobbits
  4 manes
  a large kobold
  a hobgoblin
  a cave spider
  a yellow mold
  2 green molds
  a red mold
  2 gnomes
  3 geckos
 18 jackals
  3 foxes
  a kobold
  2 goblins
  4 grid bugs
  6 lichens
  2 kobold zombies
  4 newts
213 creatures vanquished.

No species were genocided or became extinct.

Game over:
                       ----------
                      /          \
                     /    REST    \
                    /      IN      \
                   /     PEACE      \
                  /                  \
                  |      Grufus      |
                  |     3996 Au      |
                  |   petrified by   |
                  |    touching a    |
                  |   chickatrice    |
                  |      corpse      |
                  |       2026       |
                 *|     *  *  *      | *
        _________)/\\_//(\/(/\)/\//\/|_)_______

Farvel Grufus the Valkyrie...

You turned to stone in The Dungeons of Doom on dungeon level 15 with 32639 points,
and 3996 pieces of gold, after 9608 moves.
You were level 9 with a maximum of 96 hit points when you turned to stone.

